Kradschützen Motorcycle Team
Selects Italian Combined Arms Battlegroup
Selects Bersaglieri Squad
Construct Light Support Kompanie
Selects Bersaglieri Bolster
Panzerjäger Mechanized Group
Selects Breda Model 30 Light Machine Guns
Selects Semovente da 75/18 Assault Gun
Construct Panzerarmee Kommand
Panzerjäger Mechanized Group
Construct Panzerarmee Kommand